 Dungeon Crawl Stone Soup version 0.19-a0-1188-g4c2e17c (webtiles) character file.

94 Kurtz the Ogre Mage (level 4, -1/41 HPs)
             Began as an Ogre Ice Elementalist on Aug 18, 2016.
             Slain by an adder (4 damage)
             ... on level 2 of the Dungeon.
             The game lasted 00:04:51 (1657 turns).

Kurtz the Ogre Mage (Ogre Ice Elementalist)         Turns: 1657, Time: 00:04:51

Health: -1/41      AC:  3    Str: 13    XL:     4   Next: 63%
Magic:  1/9        EV: 15    Int: 14    God:
Gold:   91         SH:  0    Dex: 16    Spells: 3 memorised, 4 levels left

rFire  . . .     SeeInvis .     l - +0 whip
rCold  . . .     Gourm    .     a - +0 robe
rNeg   . . .     Faith    .     (no shield)
rPois  .         Spirit   .     (helmet restricted)
rElec  .         Dismiss  .     (no cloak)
rCorr  .         Reflect  .     (gloves unavailable)
MR     .....     Harm     .     (boots unavailable)
Stlth  +++.......               (no amulet)
                                (no ring)
                                (no ring)

@: agile
A: unfitting armour, tough skin 1
a: no special abilities


You were on level 2 of the Dungeon.
You were not hungry.

You visited 1 branch of the dungeon, and saw 2 of its levels.

You collected 91 gold pieces.

Inventory:

Hand Weapons
 d - a +0 club
 l - a +0 whip (weapon)
Missiles
 r - 3 poisoned needles
Armour
 a - a +0 robe (worn)
Jewellery
 i - an uncursed amulet of guardian spirit
Scrolls
 g - a scroll of immolation {unknown}
 m - a scroll of fog {unknown}
 n - a scroll of noise {unknown}
 o - a scroll of identify {unknown}
 q - a scroll of amnesia {unknown}
 t - 3 scrolls of remove curse {unknown}
Potions
 e - a potion of heal wounds
 f - a potion of flight {unknown}
 j - a potion of ambrosia {unknown}
 k - 2 potions of mutation {unknown}
 p - 2 potions of agility
 u - a potion of degeneration {unknown}
Books
 b - a book of Frost

   Spells                             Type                      Level
   a - Freeze                         Ice                          1
   b - Throw Frost                    Conjuration/Ice              2
   c - Ozocubu's Armour               Charms/Ice                   3
   d - Throw Icicle                   Conjuration/Ice              4
   e - Summon Ice Beast               Ice/Summoning                4
Comestibles
 c - 3 bread rations
 h - 2 meat rations


   Skills:
 + Level 1.0 Fighting
 * Level 1.8 Maces & Flails
 - Level 1.7 Dodging
 - Level 1.5 Stealth
 - Level 0.1 Unarmed Combat
 + Level 3.6 Spellcasting
 + Level 0.6 Conjurations
 + Level 0.1 Charms
 + Level 3.0 Ice Magic


You had 4 spell levels left.
You knew the following spells:

 Your Spells              Type           Power        Failure   Level  Hunger
a - Freeze                Ice            ##..         10%         1    None
b - Ozocubu's Armour      Chrm/Ice       #.......     38%         3    ###....
c - Throw Frost           Conj/Ice       #.....       17%         2    ##.....


Dungeon Overview and Level Annotations

Branches:
Dungeon (2/15)

Altars:


Innate Abilities, Weirdness & Mutations

You are too large for most types of armour.
You have tough skin. (AC +1)


Message History

The hobgoblin is almost dead.
The hobgoblin barely misses you.
You barely miss the hobgoblin.
The hobgoblin is almost dead.
The hobgoblin closely misses you.
You hit the hobgoblin but do no damage.
The hobgoblin is almost dead.
The hobgoblin barely misses you.
You hit the hobgoblin but do no damage.
The hobgoblin is almost dead.
The hobgoblin hits you with a club.
* * * LOW HITPOINT WARNING * * *
Found a forked gold wand.
You see here a goblin corpse.
An adder comes into view.
The adder barely misses you.
Found a scroll labeled HYLUALE CIWE.
You see here a whip.
The adder bites you.
You die... gg

#.......... .g
#)..####.## ##.
#....##...# #.###
##..........
#.#.?##)....##...#
#.#.##.##..####.##
#.#.#†###..####...
#.#.g#.........##.
#@#)##.##..###.##.
#.S## .##..# #<##.
#.## .##..###.##.
### /##.........
.##.........
.#######.### #.#
#.# #.#


You could see an adder.

Vanquished Creatures
  Robin (D:2)
  3 adders (D:2)
  An ooze (D:1)
  A worm (D:2)
  A dart slug (D:1)
  A giant gecko (D:2)
  3 bats
  3 giant cockroaches
  12 goblins
  6 hobgoblins
  2 ball pythons (D:1)
  A giant newt (D:2)
  5 kobolds
  5 rats
45 creatures vanquished.

Notes
Turn   | Place    | Note
-------+----------+-------------------------------------------
     0 | D:1      | Kurtz the Ogre Ice Elementalist began the quest for the Orb.
     0 | D:1      | Reached XP level 1. HP: 16/16 MP: 3/3
   256 | D:1      | Reached XP level 2. HP: 24/24 MP: 0/5
   612 | D:1      | Reached skill level 1 in Maces & Flails
   612 | D:1      | Reached XP level 3. HP: 29/31 MP: 0/7
  1105 | D:1      | Learned a level 3 spell: Ozocubu's Armour
  1108 | D:1      | Learned a level 2 spell: Throw Frost
  1447 | D:2      | Reached XP level 4. HP: 39/40 MP: 0/8
  1598 | D:2      | Noticed Robin
  1612 | D:2      | Killed Robin
  1612 | D:2      | Reached skill level 1 in Fighting
  1652 | D:2      | HP: 2/41 [hobgoblin/club[Robin] (6)]
  1657 | D:2      | Slain by an adder

Vault maps used:
D:1:      dpeg_arrival_arbitrary_b, kennysheep_boxes
D:2:      minmay_misc_feat_chi, minmay_cut_off, uniq_robin

Skill      XL: |  1  2  3  4 |
---------------+-------------+-----
Maces & Flails | 1 |  1.8
Spellcasting   | 3 |  3.6
Fighting       | 1 |  1.0
Ice Magic      | 3 |  3.0
Dodging        | |  1.7
Stealth        | |  1.5
Unarmed Combat | |  0.1
Conjurations   | |  0.6
Charms         | |  0.1

Action                   |  1- 3 |  4- 6 || total
-------------------------+-------+-------++-------
Melee: Club              |    27 |       ||    27
       Unarmed           |     3 |       ||     3
       Whip              |    22 |    71 ||    93
 Cast: Freeze            |    42 |    15 ||    57
       Ozocubu's Armour  |     2 |     2 ||     4
  Use: Potion            |       |     2 ||     2
 Stab: Sleeping          |     1 |       ||     1
  Eat: Chunk             |     2 |     1 ||     3
Armor: Robe              |    29 |    29 ||    58
Dodge: Dodged            |    47 |    49 ||    96
